 Dungeon Crawl Stone Soup version 0.24-a0-441-g27f0392e16 (webtiles) character file.

Game seed: 10966223290619216685

140 Gynju the Skirmisher (level 5, -6/37 HPs)
             Began as an Octopode Fighter on June 19, 2019.
             Was a Follower of Yredelemnul.
             Mangled by an orc warrior
             ... wielding a +0 hand axe
              (12 damage)
             ... on level 2 of the Dungeon.
             The game lasted 00:05:53 (2221 turns).

Gynju the Skirmisher (Octopode Fighter)             Turns: 2221, Time: 00:05:53

Health: -6/37      AC:  1    Str: 15    XL:     5   Next: 23%
Magic:  5/6        EV: 12    Int: 11    God:    Yredelemnul [*.....]
Gold:   124        SH:  9    Dex: 12    Spells: 4/4 levels left

rFire    . . .     SeeInvis .   a - +0 trident
rCold    . . .     Gourm    .   b - +0 shield
rNeg     . . .     Faith    .   (helmet restricted)
rPois    .         Spirit   .   (no amulet)
rElec    .         Reflect  .   (no ring)
rCorr    .         Harm     .   (no ring)
MR       .....                  (no ring)
Stlth    ++........             (no ring)
HPRegen  0.12/turn              (no ring)
MPRegen  0.10/turn              (no ring)
                                (no ring)
                                (no ring)

@: no status effects
A: almost no armour, stealthy swim, amphibious, 8 rings, constrict 8, camouflage
1, gelatinous body 1
a: Animate Remains, Renounce Religion


You were on level 2 of the Dungeon.
You worshipped Yredelemnul.
Yredelemnul was aware of your devotion.
You were very hungry.

You visited 1 branch of the dungeon, and saw 3 of its levels.

You collected 124 gold pieces.

Inventory:

Hand Weapons
 a - a +0 trident (weapon)
Missiles
 q - 26 stones (quivered)
Armour
 b - a +0 shield (worn)
Jewellery
 j - an uncursed ring of protection from magic {unknown}
Wands
 r - a wand of disintegration (6)
Scrolls
 g - 3 scrolls of remove curse {unknown}
 i - a scroll of amnesia {unknown}
 k - 4 scrolls of magic mapping {unknown}
 m - 3 scrolls of identify {unknown}
 n - 2 scrolls of teleportation {unknown}
Potions
 c - 2 potions of might
 e - a potion of heal wounds {unknown}
 h - a potion of haste {unknown}
 l - 2 potions of curing {unknown}
 o - a potion of flight {unknown}
 p - a potion of agility {unknown}
Comestibles
 d - 2 rations


   Skills:
 + Level 3.8 Fighting
 + Level 2.9 Polearms
 + Level 3.7 Dodging
 + Level 3.7 Shields
 + Level 1.3 Invocations


You had 4 spell levels left.
You didn't know any spells.
Your spell library contained the following spells:

 Spells                   Type           Power        Failure   Level  Hunger
 Corona                   Hex            #......      83%         1    ##.....
 Ensorcelled Hibernation  Hex/Ice        #.....       92%         2    ###....
 Confuse                  Hex            #.......     99%         3    ####...
 Dazzling Spray           Conj/Hex       #.....       99%         3    ####...
 Tukima's Dance           Hex            #.......     99%         3    ####...


Dungeon Overview and Level Annotations

Branches:
Dungeon (3/15)

Altars:
Yredelemnul


Innate Abilities, Weirdness & Mutations

You cannot wear most types of armour.
You are very stealthy in the water. (Stealth+)
You are amphibious.
You can wear up to eight rings at the same time.
You can use your tentacles to constrict eight enemies at once.
Your skin changes colour to match your surroundings (Stealth+).
Your rubbery body absorbs attacks. (AC +1, EV +1)


Message History

The orc warrior is healed somewhat.
Your orc skeleton hits the orc priest but does no damage.
The orc priest hits your orc skeleton with a +0 dagger.
Some of the chunks of flesh in your inventory have rotted away.
The orc priest mumbles some strange prayers to Beogh against you.
Beogh smites you!
* * * LOW HITPOINT WARNING * * *
You see here a +0 club.
Things that are here:
a +0 trident; a +0 leather armour All of the chunks of flesh in your inventory have rotted away.
There is a stone staircase leading up here.
The orc warrior barely misses you.
You climb upwards.
There is a stone staircase leading down here.
You completely miss the orc warrior. Your grab misses the orc warrior.
Your squeeze misses the orc warrior.
The orc warrior hits you with a +0 hand axe!
You die...
Your body rises from the dead as a mindless zombie.

.# #..# #.......# #.# .# #.##
#.....#.# #.# ## #.# #.....#.#
##+## #.# #....##.# ##...# # ###.#
#.#.###.# ##..... ## ##.#.#
###.......# ##......
.####....#####.........###.......
รท'.......................'.......
.##.#.....####..@......###.).....
###.##.#..# #.o.......# ##...... #
#.####..# #.........# ##.....
#.###...# ####...#### ##...#
#.).....# ##.## ##'## #####.###
#.# #.# #.# #.# #.# #######.# #.#
##.## ........# #.# ##...#


You could see an orc warrior.

Vanquished Creatures
  An orc priest (D:3)
  An orc wizard (D:3)
  2 worms (D:2)
  2 dart slugs
  2 leopard geckos
  5 orcs (D:3)
  3 giant cockroaches
  6 goblins
  6 hobgoblins
  4 jackals (D:3)
  9 kobolds
  3 quokkas
  A ball python (D:1)
  8 bats
  6 frilled lizards
  6 rats
65 creatures vanquished.

Vanquished Creatures (others)
  A bat skeleton (D:3)
  2 orc skeletons (D:3)
3 creatures vanquished.

Grand Total: 68 creatures vanquished

Notes
Turn   | Place    | Note
-------+----------+-------------------------------------------
     0 | D:1      | Gynju the Octopode Fighter began the quest for the Orb.
     0 | D:1      | Reached XP level 1. HP: 16/16 MP: 1/1
   122 | D:1      | Reached XP level 2. HP: 21/21 MP: 2/2
   572 | D:1      | Reached XP level 3. HP: 26/26 MP: 3/3
  1066 | D:2      | Found a basalt altar of Yredelemnul.
  1077 | D:2      | Became a worshipper of Yredelemnul the Dark
  1393 | D:2      | Reached XP level 4. HP: 31/31 MP: 4/4
  1831 | D:3      | Reached skill level 1 in Invocations
  1907 | D:3      | Reached XP level 5. HP: 30/37 MP: 5/5
  1993 | D:3      | Reached * piety under Yredelemnul
  2147 | D:3      | Noticed an orc warrior
  2221 | D:2      | Mangled by an orc warrior

Levels and vault maps discovered:
D:1:      elethiomel_arrival_infinity_welcomes_careful_drivers,
          layout_loops_ring
D:2:      layout_loops_corners, lemuel_coloured_pillars_altar, first_ration
D:3:      minmay_chambers_of_threes, layout_loops_ring,
          gammafunk_temple_overflow_claw

Skill      XL: |  1  2  3  4 |
---------------+-------------+-----
Invocations    | 1 |  1.3
Fighting       | |  3.8
Polearms       | |  2.9
Dodging        | |  3.7
Shields        | |  3.7

Action                   |  1- 3 |  4- 6 || total
-------------------------+-------+-------++-------
Melee: Trident           |    88 |    45 ||   133
       Tentacles         |    12 |    11 ||    23
       Constrict         |    17 |    12 ||    29
Invok: Animate Remains   |       |     3 ||     3
 Stab: Sleeping          |    14 |       ||    14
  Eat: Chunk             |     2 |     2 ||     4
Armor: Skin              |     5 |     2 ||     7
Dodge: Dodged            |    30 |    19 ||    49
Block: Shield            |    17 |    15 ||    32

Table legend:
 A = Non-vault XP
 B = Vault XP
 C = Vault XP percentage of total XP
 D = Non-vault monster count
 E = Vault monster count
 F = Vault count percentage of total count
                 A         B        C        D         E       F
            +---------+---------+-------+---------+---------+-------
      Total |     201 |       0 |   0.0 |      65 |       0 |   0.0
            +---------+---------+-------+---------+---------+-------
        D:1 |      43 |       0 |   0.0 |      26 |       0 |   0.0
        D:2 |      42 |       0 |   0.0 |      21 |       0 |   0.0
        D:3 |     116 |       0 |   0.0 |      18 |       0 |   0.0
            +---------+---------+-------+---------+---------+-------
